 Dungeon Crawl Stone Soup version 0.22.1-1-ga44c0e5 (webtiles) character file.

3 infinity the Thaumaturge (level 1, -1/13 HPs)
             Began as a Gnoll Wanderer on Oct 30, 2018.
             Slain by a jackal (2 damage)
             ... on level 1 of the Dungeon.
             The game lasted 00:02:43 (190 turns).

infinity the Thaumaturge (Gnoll Wanderer)            Turns: 190, Time: 00:02:44

Health: -1/13      AC:  2    Str: 17    XL:     1   Next: 50%
Magic:  10/10      EV: 11    Int: 13    God:
Gold:   11         SH:  0    Dex: 12    Spells: 18/18 levels left

rFire    . . .     SeeInvis .   b - +0 dagger
rCold    . . .     Gourm    .   (no shield)
rNeg     . . .     Faith    .   d - +0 robe
rPois    .         Spirit   .   (no helmet)
rElec    .         Reflect  .   (no cloak)
rCorr    .         Harm     .   (no gloves)
MR       .....                  (no boots)
Stlth    +.........             (no amulet)
HPRegen  0.04/turn              (no ring)
MPRegen  0.12/turn              (no ring)

@: no status effects
A: distributed training, fangs 1, strong nose
a: no special abilities


You were on level 1 of the Dungeon.
You were not hungry.

You visited 1 branch of the dungeon, and saw 1 of its levels.

You collected 11 gold pieces.

Inventory:

Hand Weapons
 b - a +0 dagger (weapon)
Armour
 d - a +0 robe (worn)
Potions
 a - a potion of resistance {unknown}
Comestibles
 f - 2 rations


   Skills:
 + Level 0.0 Fighting
 + Level 0.0 Short Blades
 + Level 0.0 Long Blades
 + Level 0.0 Axes
 + Level 0.0 Maces & Flails
 + Level 0.0 Polearms
 + Level 0.0 Staves
 + Level 0.0 Slings
 + Level 0.0 Bows
 + Level 0.0 Crossbows
 + Level 2.3 Throwing
 + Level 0.0 Armour
 + Level 0.0 Dodging
 + Level 0.0 Stealth
 + Level 0.0 Shields
 + Level 0.0 Unarmed Combat
 + Level 9.2 Spellcasting
 + Level 0.0 Conjurations
 + Level 0.0 Hexes
 + Level 0.0 Charms
 + Level 0.0 Summonings
 + Level 1.9 Necromancy
 + Level 1.9 Translocations
 + Level 0.0 Transmutations
 + Level 0.0 Fire Magic
 + Level 0.0 Ice Magic
 + Level 0.0 Air Magic
 + Level 3.6 Earth Magic
 + Level 0.0 Poison Magic
 + Level 0.1 Invocations
 + Level 2.3 Evocations


You had 18 spell levels left.
You didn't know any spells.
Your spell library contained the following spells:

 Spells                   Type           Power        Failure   Level  Hunger
 Blink                    Tloc           N/A          9%          2    None
 Magic Dart               Conj           #...         12%         1    None
 Summon Butterflies       Summ           #.......     12%         1    None
 Call Imp                 Summ           #.......     19%         2    None
 Slow                     Hex            #.......     19%         2    None
 Conjure Flame            Conj/Fire      #.......     34%         3    ##.....
 Mephitic Cloud           Conj/Pois/Air  #.......     34%         3    ##.....
 Summon Guardian Golem    Hex/Summ       #.......     34%         3    ##.....


Dungeon Overview and Level Annotations

Branches:
Dungeon (1/15)

Altars:


Innate Abilities, Weirdness & Mutations

Your experience applies equally to all skills.
You have very sharp teeth.
Your uncanny sense of smell can sniff out nearby items.


Message History

The jackal bites you.
You barely miss the jackal.
The jackal bites you but does no damage.
You closely miss the jackal. The jackal barely misses you.
You closely miss the jackal. The jackal bites you.
* * * LOW HITPOINT WARNING * * *
The jackal closely misses you.
You hit the jackal but do no damage. The jackal barely misses you.
You barely miss the jackal. The jackal closely misses you. x2
The jackal misses you.
You hit the jackal but do no damage. The jackal bites you.
* * * LOW HITPOINT WARNING * * *
The jackal barely misses you. x2
You hit the jackal but do no damage. Your bite misses the jackal.
The jackal bites you but does no damage.
The jackal misses you.
You hit the jackal. Your bite misses the jackal.
The jackal is severely wounded.
The jackal bites you.
You die...

,,*##................# ***
#.....#(......##.*
#####....###...)..#*,*
...#...g#...#.....##,*
.#......#.<.#......#,#
...###.........###...#
..#..#..#...#..#..#..#
.....#..#...#.g#.....#
.....#..##.##..#@....# ******
..#.#....#.#...h#h#..# *,,,,*
..........#..........# *,,,,* *
.....................# *,,,,* *
...#..........#.###### *,,,,* *
.#.#..........#.# *,,,,* *
.#.##.#.%.....#.# *******,,,,* *
##....#..###..#.#
**,,,,**,,,,***
######......,#.#**,,**,,,,,,,**,


You could see 2 jackals.

Vanquished Creatures
  A goblin (D:1)
  A jackal (D:1)
  A rat (D:1)
3 creatures vanquished.

Notes
Turn   | Place    | Note
-------+----------+-------------------------------------------
     0 | D:1      | Reached skill level 9 in Spellcasting
     0 | D:1      | infinity the Gnoll Wanderer began the quest for the Orb.
     0 | D:1      | infinity set off with: a potion of curing, a +0 robe, a +0
                  | club, a ration
     0 | D:1      | Reached XP level 1. HP: 13/13 MP: 10/10
   190 | D:1      | Slain by a jackal

Skill      XL: | |
---------------+-+-----
Spellcasting   | |  9.2
Throwing       | |  2.3
Necromancy     | |  1.9
Translocations | |  1.9
Earth Magic    | |  3.6
Invocations    | |  0.1
Evocations     | |  2.3

Action                   || total
-------------------------++-------
Melee: Dagger            ||    25
       Club              ||     8
       Bite              ||     2
  Use: Scroll            ||     1
       Potion            ||     1
Armor: Robe              ||     7
Dodge: Dodged            ||    30
